 Dungeon Sprint DCSS version 0.30-a0-304-gdc4b735fe1 (webtiles) character file.

Game seed: 2010095745051649702

743 Low2 the Cruncher (level 7, -13/121 HPs)
             Began as an Ogre Gladiator on Oct 20, 2022.
             Was a Follower of Lugonu.
             Mangled by a sun demon (19 damage)
             ... summoned by a kobold demonologist
             ... in the Dungeon (Sprint I: "Red Sonja").
             The game lasted 00:05:20 (795 turns).

Low2 the Cruncher (Ogre Gladiator)                   Turns: 795, Time: 00:05:22

Health: -13/121    AC:  3    Str: 21      XL:     7   Next: 76%
Magic:  7/7        EV: 11    Int:  9      God:    Lugonu [*.....]
Gold:   185        SH:  0    Dex:  7 (10) Spells: 6/6 levels left

rFire   . . .      SeeInvis .    m - +1 giant spiked club
rCold   . . .      Faith    .    (shield currently unavailable)
rNeg    . . .      Spirit   .    b - +0 robe
rPois   .          Reflect  .    c - +0 hat
rElec   .          Harm     .    (no cloak)
rCorr   .          Rampage  .    (gloves unavailable)
Will    .....      NoTele   +    (boots unavailable)
Stlth   ..........               (no amulet)
HPRegen 0.40/turn                (no ring)
MPRegen 0.10/turn                (no ring)

@: berserking, very quick
A: large, unfitting armour, tough skin 1
a: Renounce Religion


You were in the Dungeon.
You worshipped Lugonu.
Lugonu was aware of your devotion.
You visited 1 branch You collected 421 gold pieces.
You spent 236 gold pieces at shops.

Inventory:

Hand Weapons
 a - a +0 quarterstaff
 m - a +1 giant spiked club (weapon)
Armour
 b - a +0 robe (worn)
 c - a +0 hat (worn)
Wands
 l - a wand of digging (5)
Scrolls
 e - 4 scrolls of identify
 n - a scroll of fear
Potions
 h - a potion of haste
 i - 2 potions of magic


   Skills:
 + Level 8.5 Fighting
 + Level 0.4(6.5) Maces & Flails
 + Level 11.3 Staves
 + Level 5.7 Throwing
 + Level 8.0 Dodging
 + Level 3.4 Stealth


You had 6 spell levels left.
You didn't know any spells.
Your spell library was empty.

Dungeon Overview and Level Annotations

Branches:
Dungeon (1/1)

Altars:
Cheibriados
Dithmenos
Elyvilon
Fedhas
Gozag
Hepliaklqana
Kikubaaqudgha
Makhleb
Nemelex Xobeh
Okawaru
Qazlal
Ru
Sif Muna
Trog
Uskayaw
Vehumet
Wu Jian
Xom
Yredelemnul
Zin
The Shining One
Jiyva
Lugonu

Shops:
D ?


Innate Abilities, Weirdness & Mutations

You are too large for most types of armour.
You have tough skin. (AC +1)


Message History

The kobold demonologist looks satisfied for a moment.
The kobold demonologist casts a spell.
The sun demon closely misses you. The quasit misses you.
The quasit claws you. x2
The white imp barely misses you.
You closely miss the sun demon.
The sun demon is moderately wounded.
The sun demon misses you. The quasit barely misses you. The quasit misses you.
The quasit closely misses you.
The kobold demonologist casts a spell.
The white imp hits you. The white imp freezes you. The sun demon hits you!
You are engulfed in flames!
The quasit closely misses you. The quasit misses you.
The quasit barely misses you.
You feel much better. The white imp hits you. The white imp freezes you.
The sun demon hits you!
You are engulfed in flames!
* * * LOW HITPOINT WARNING * * *
The quasit bites you.
* * * LOW HITPOINT WARNING * * *
You feel clumsy. The quasit claws you.
* * * LOW HITPOINT WARNING * * *
The quasit misses you.
Blink to where?
Press: ? - help, Dir - move target
As you read the scroll of blinking, it crumbles to dust.
Okay, then.
The air fills with toxic fumes!
As you read the scroll of poison, it crumbles to dust.
The quasit bites you but does no damage.
The quasit claws you but does no damage.
The quasit closely misses you.
You miss the quasit. The quasit barely misses you.
The quasit closely misses you. The quasit claws you.
* * * LOW HITPOINT WARNING * * *
A red film seems to cover your vision as you go berserk!
You feel yourself moving faster!
You feel mighty!
The quasit disappears in a puff of smoke!
The sun demon hits you!!
* * * LOW HITPOINT WARNING * * *
You are engulfed in flames!!
You die...

##########################
#<.#..'..#..'§§#_4#4.'...#
#..').#.÷').#§§K.KK..#...#
#..#####'#####§#55#### ..+
#..####..#...#3#### ##
#..#__####..##@#
#..#_____##'#§§+
#⌠⌠#_.∩...'§§§§#
####_..__##§§#§#
#_____###+#§# ####### ###


You could see a sun demon (summoned) and a kobold demonologist.

Vanquished Creatures
  A slime creature (D)
  Sigmund (D)
  A yak (D)
  A floating eye (D)
  An ogre (D)
  A jelly (D)
  Ijyb (D)
7 creatures vanquished.

Notes
Turn   | Place    | Note
-------+----------+-------------------------------------------
     0 | D        | Low2 the Ogre Gladiator began the quest for the Orb.
     0 | D        | Reached XP level 1. HP: 22/22 MP: 1/1
     2 | D        | Noticed Ijyb
    14 | D        | Killed Ijyb
    15 | D        | Reached skill level 4 in Staves
    15 | D        | Reached XP level 2. HP: 17/32 MP: 2/2
    15 | D        | Reached XP level 3. HP: 20/39 MP: 3/3
    85 | D        | Noticed an ogre
    92 | D        | Killed an ogre
    93 | D        | Reached skill level 5 in Fighting
    93 | D        | Reached skill level 6 in Staves
    93 | D        | Reached skill level 5 in Dodging
    93 | D        | Reached skill level 1 in Stealth
    93 | D        | Reached XP level 4. HP: 50/50 MP: 4/4
   203 | D        | Noticed Sigmund
   213 | D        | Killed Sigmund
   214 | D        | Reached skill level 8 in Staves
   214 | D        | Reached XP level 5. HP: 37/61 MP: 5/5
   214 | D        | Reached XP level 6. HP: 42/68 MP: 6/6
   310 | D        | Found a burning altar of Makhleb.
   310 | D        | Found a viscous altar of Jiyva.
   310 | D        | Found a shimmering altar of Xom.
   310 | D        | Found a corrupted altar of Lugonu.
   310 | D        | Noticed a slime creature
   334 | D        | Killed a slime creature
   335 | D        | Reached skill level 10 in Staves
   335 | D        | Reached skill level 5 in Throwing
   335 | D        | Reached XP level 7. HP: 15/78 MP: 7/7
   545 | D        | Found an ornate altar of the Wu Jian Council.
   545 | D        | Found a shimmering blue altar of Sif Muna.
   547 | D        | Found a radiant altar of Vehumet.
   583 | D        | Found Pijof's Magic Scroll Emporium.
   583 | D        | Found an ancient bone altar of Kikubaaqudgha.
   583 | D        | Found a hazy altar of Hepliaklqana.
   583 | D        | Found a stormy altar of Qazlal.
   583 | D        | Found a hide-covered altar of Uskayaw.
   583 | D        | Found a blossoming altar of Fedhas.
   583 | D        | Found a bloodstained altar of Trog.
   583 | D        | Found an iron altar of Okawaru.
   583 | D        | Found a basalt altar of Yredelemnul.
   583 | D        | Found a glowing golden altar of the Shining One.
   583 | D        | Found a snail-covered altar of Cheibriados.
   583 | D        | Found a sacrificial altar of Ru.
   583 | D        | Found a glowing silver altar of Zin.
   583 | D        | Found a shadowy altar of Dithmenos.
   583 | D        | Found a white marble altar of Elyvilon.
   583 | D        | Noticed a yak
   584 | D        | Found an opulent altar of Gozag.
   598 | D        | Killed a yak
   697 | D        | Found a sparkling altar of Nemelex Xobeh.
   743 | D        | Bought a scroll of poison for 44 gold pieces
   743 | D        | Bought a scroll of enchant weapon for 82 gold pieces
   743 | D        | Bought a scroll of identify for 22 gold pieces
   743 | D        | Bought a scroll of identify for 22 gold pieces
   743 | D        | Bought a scroll of identify for 22 gold pieces
   743 | D        | Bought a scroll of fear for 44 gold pieces
   770 | D        | Became a worshipper of Lugonu the Unformed
   770 | D        | Reached * piety under Lugonu
   776 | D        | Noticed a kobold demonologist
   776 | D        | Noticed a kobold demonologist
   781 | D        | Paralysed by a floating eye for 2 turns
   784 | D        | Reached skill level 11 in Staves
   784 | D        | Noticed a sun demon
   789 | D        | Noticed a chaos spawn
   790 | D        | Noticed a hellwing
   795 | D        | HP: 6/121 [sun demon[a kobold demonologist] (23)]
   795 | D        | Mangled by a sun demon

Illustrated notes

Levels and vault maps discovered:
D:        dungeon_sprint_1 [red_sonja_temple_1, red_sonja_temple_small_1]

Skill      XL: |  1  2  3  4  5  6  7 |
---------------+----------------------+-----
Fighting       | 3 5 6 7 8 |  8.5
Staves         | 4 6 8 10 11 | 11.3
Dodging        | 4 5 6 7 8 |  8.0
Throwing       | 3 4 5 |  5.7
Stealth        | 1 2 3 |  3.4
Maces & Flails | |  0.4

Action                   |  1- 3 |  4- 6 |  7- 9 || total
-------------------------+-------+-------+-------++-------
Melee: Quarterstaff      |    12 |    27 |    10 ||    49
       Giant spiked club |       |       |     7 ||     7
Throw: Throwing net      |     3 |     1 |       ||     4
       Large rock        |       |     1 |     1 ||     2
  Use: Potion            |       |     2 |     2 ||     4
       Scroll            |       |       |     3 ||     3
 Stab: Held in net/web   |     2 |     1 |       ||     3
       Sleeping          |       |       |     1 ||     1
Armor: Robe              |       |       |     6 ||     6
Dodge: Dodged            |     2 |    11 |    28 ||    41

Table legend: (Time is in decaauts)
 A = Elapsed time spent in this place.
 B = Non-inter-level travel time spent in this place.
 C = Inter-level travel time spent in this place.
 D = Time resting spent in this place.
 E = Time spent auto-exploring this place.
 F = Levels seen in this place.
 G = Mean time per level.
                   A        B        C        D        E       F      G
               +--------+--------+--------+--------+--------+-----+--------+
         Total |    796 |    796 |      0 |    530 |      0 |   1 |  796.0 |
       Dungeon |    796 |    796 |      0 |    530 |      0 |   1 |  796.0 |
               +--------+--------+--------+--------+--------+-----+--------+

Top non-repeatable levels by time:
       D: 796 daAuts
